 Dungeon Crawl Stone Soup version 0.20.1-1-g8b1a95d66d (webtiles) character file.

154 Gargoyl the Skirmisher (level 5, -4/47 HPs)
             Began as a Centaur Abyssal Knight on Dec 8, 2017.
             Was a Follower of Lugonu.
             Killed by nerve-wracking pain
             ... invoked by Menkaure
              (14 damage)
             ... on level 2 of the Dungeon.
             The game lasted 00:03:37 (1898 turns).

Gargoyl the Skirmisher (Centaur Abyssal Knight)     Turns: 1898, Time: 00:03:38

Health: -4/47      AC:  7    Str: 15    XL:     5   Next: 13%
Magic:  7/7        EV:  8    Int: 16    God:    Lugonu [*.....]
Gold:   174        SH:  0    Dex:  9    Spells: 4/4 levels left

rFire    . . .     SeeInvis .   a - +1 hand axe
rCold    . . .     Gourm    .   (no shield)
rNeg     . . .     Faith    .   g - +0 ring mail
rPois    .         Spirit   .   (no helmet)
rElec    .         Reflect  .   f - +0 cloak
rCorr    .         Harm     .   (no gloves)
MR       .....                  (no barding)
Stlth    ..........             (no amulet)
Regen    0.2/turn               (no ring)
MPRegen  0.1/turn               (no ring)

@: brilliant, very quick
A: hooves 3, deformed body, speed 2, tough skin 3
a: Depart the Abyss, Renounce Religion


You were on level 2 of the Dungeon.
You worshipped Lugonu.
Lugonu was aware of your devotion.
You were not hungry.

You visited 1 branch of the dungeon, and saw 2 of its levels.
You visited the Abyss 1 time.

You collected 174 gold pieces.

Inventory:

Hand Weapons
 a - a +1 hand axe (weapon)
Armour
 f - a +0 cloak (worn)
 g - a +0 ring mail (worn)
Scrolls
 b - a scroll of enchant armour {unknown}
 d - a scroll of magic mapping {unknown}
 h - a scroll of enchant weapon {unknown}
 j - a scroll of remove curse {unknown}
 l - a scroll of fear {unknown}
Potions
 e - a potion of degeneration {unknown}
 k - a potion of heal wounds {unknown}
Comestibles
 c - 2 bread rations


   Skills:
 + Level 4.6 Fighting
 + Level 2.6 Axes
 * Level 1.9 Armour
 + Level 0.7 Dodging
 * Level 2.8 Invocations


You had 4 spell levels left.
You didn't know any spells.

Dungeon Overview and Level Annotations

Branches:
Dungeon (2/15)

Altars:
Kikubaaqudgha
Yredelemnul

Annotations:
D:2 1 transporter, Menkaure, Natasha


Innate Abilities, Weirdness & Mutations

You have hooves in place of feet.
Armour fits poorly on your strangely shaped body.
You cover ground very quickly.
You have extremely tough skin. (AC +3)


Message History

Menkaure casts a spell at you. Pain shoots through your body!
Unknown command.
You hit Menkaure.
Menkaure is heavily damaged.
You closely miss Natasha. Natasha claws you.
Menkaure gestures wildly while chanting.
Menkaure seems to speed up.
Natasha completely misses you.
Unknown command.
You completely miss Menkaure.
Menkaure is heavily damaged.
You barely miss Natasha. Menkaure hits you.
* * * LOW HITPOINT WARNING * * *
Natasha barely misses you.
Unknown command.
It was a potion of brilliance.
You feel clever all of a sudden.
Menkaure gestures at you while chanting.
Pain shoots through your body!
You die...

.....................#
######...............#
#...............#
#..............)#
#...............##
.................#######
..##....................#
#.#
######.#############.# ..
#######.#©@M_[⌠[_$).#.#
........#..h........#.#
######..#..##...##..#.# #
#..#..#8...8#..#.#
#..#..##.?.##..#.#
#..#.....Z.....#.#
#..#..##h..##..#.#
#..#..#8...8#..#.#
#..#..##..M##..#.#


You could see Menkaure and Natasha.

Vanquished Creatures
  An eye of draining (Abyss:1)
  3 adders (D:2)
  A dart slug (D:2)
  2 leopard geckos (D:1)
  3 bats (D:1)
  A bat skeleton (D:2)
  2 giant cockroaches (D:1)
  2 goblins
  3 hobgoblins (D:1)
  3 jackals (D:1)
  4 kobolds
  7 frilled lizards
  A quokka zombie (D:2)
  2 rats (D:1)
35 creatures vanquished.

Notes
Turn   | Place    | Note
-------+----------+-------------------------------------------
     0 | Abyss:1  | Gargoyl the Centaur Abyssal Knight began the quest for the Orb.
     0 | Abyss:1  | Reached XP level 1. HP: 19/19 MP: 2/2
   217 | Abyss:1  | Noticed an eye of draining
   237 | Abyss:1  | Killed an eye of draining
   237 | Abyss:1  | Reached skill level 4 in Fighting
   237 | Abyss:1  | Reached XP level 2. HP: 28/28 MP: 0/3
   237 | Abyss:1  | Reached XP level 3. HP: 34/34 MP: 0/4
   237 | Abyss:1  | Reached XP level 4. HP: 41/41 MP: 0/5
   261 | Abyss:3  | Noticed a small abomination
   294 | Abyss:3  | Noticed a sun demon
   298 | D:1      | Escaped the Abyss
   682 | D:1      | Reached * piety under Lugonu
  1474 | D:2      | Found a faded altar of an unknown god.
  1509 | D:2      | Reached XP level 5. HP: 30/47 MP: 7/7
  1783 | D:2      | Found a transporter.
  1795 | D:2      | Found an ancient bone altar of Kikubaaqudgha.
  1795 | D:2      | Found a basalt altar of Yredelemnul.
  1796 | D:2      | Noticed Menkaure
  1809 | D:2      | Noticed Natasha
  1811 | D:2      | Found a transporter.
  1898 | D:2      | Killed from afar by Menkaure

Skill      XL: |  1 |
---------------+----+-----
Fighting       | 4 |  4.6
Axes           | 2 |  2.6
Armour         | |  1.9
Dodging        | |  0.7
Invocations    | |  2.8

Action                   |  1- 3 |  4- 6 || total
-------------------------+-------+-------++-------
Melee: Hand axe          |    18 |    98 ||   116
       Kick              |     7 |    15 ||    22
Invok: Depart the Abyss  |       |     1 ||     1
  Use: Scroll            |     1 |     2 ||     3
       Potion            |       |     1 ||     1
  Eat: Chunk             |       |     2 ||     2
Armor: Ring mail         |       |    32 ||    32
       Leather armour    |       |    14 ||    14
Dodge: Dodged            |       |    55 ||    55
